 Dungeon Crawl Stone Soup version 0.30-a0-760-g5a9884bb7c (webtiles) character file.

Game seed: 10580937278835497411

48 kingofthe the Sneak (level 3, -1/21 HPs)
             Began as an Octopode Fire Elementalist on Feb 11, 2023.
             Slain by a goblin
             ... wielding a +0 dagger
             ... led by Robin
              (3 damage)
             ... on level 2 of the Dungeon.
             The game lasted 00:04:26 (1511 turns).

kingofthe the Sneak (Octopode Fire Elementalist)    Turns: 1511, Time: 00:04:27

Health: -1/21      AC:  1    Str:  7    XL:     3   Next: 72%
Magic:  2/6        EV: 13    Int: 17    God:
Gold:   89         SH:  0    Dex: 14    Spells: 0/6 levels left

rFire   . . .      SeeInvis .    (no weapon)
rCold   . . .      Faith    .    (no shield)
rNeg    . . .      Spirit   .    (helmet restricted)
rPois   .          Reflect  .    (no amulet)
rElec   .          Harm     .    (no ring)
rCorr   .          Rampage  .    (no ring)
Will    .....                    (no ring)
Stlth   +++                      (no ring)
HPRegen 0.23/turn                (no ring)
MPRegen 0.10/turn                (no ring)
                                 (no ring)
                                 (no ring)

@: no status effects
A: almost no armour, amphibious, 8 rings, camouflage 1, gelatinous body 1,
(nimble swimmer 1), tentacles
a: no special abilities


You were on level 2 of the Dungeon.
You visited 1 branch of the dungeon, and saw 2 of its levels.

You collected 89 gold pieces.

Inventory:

Scrolls
 b - 2 scrolls of amnesia {unknown}
 e - a scroll of fog {unknown}
Potions
 a - 2 potions of magic
 c - 2 potions of curing {unknown}
 d - a potion of berserk rage {unknown}
 f - a potion of heal wounds {unknown}


   Skills:
 + Level 2.7 Dodging
 + Level 3.3 Stealth
 - Level 2.3 Spellcasting
 + Level 1.6 Conjurations
 + Level 3.3 Fire Magic


You couldn't memorise any spells.
You knew the following spells:

 Your Spells              Type           Power      Damage    Failure   Level
a - Foxfire               Conj/Fire      40%        2x1d6     7%          1
b - Scorch                Fire           26%        2d6       8%          2
c - Confusing Touch       Hex            1%         N/A       50%         3

Your spell library contained the following spells:

 Spells                   Type           Power      Damage    Failure   Level
 Kiss of Death            Conj/Necr      16%        2d6       14%         1
 Inner Flame              Hex/Fire       7%         N/A       28%         3
 Kindle Blastsparks       Fire/Tloc/Air  10%        2d10      34%         3
 Flame Wave               Conj/Fire      10%        2d6       56%         4
 Dispel Undead            Necr           1%         3d6       88%         4


Dungeon Overview and Level Annotations

Branches:
Dungeon (2/15)

Altars:


Innate Abilities, Weirdness & Mutations

You cannot wear most types of armour.
You are amphibious.
You can wear up to eight rings at the same time.
Your skin changes colour to match your surroundings (Stealth+).
Your rubbery body absorbs attacks. (AC +1, EV +1)
((You are camouflaged when in or above water. (Stealth+)))
You have tentacles for arms and can constrict up to eight enemies at once.


Message History

Robin roars a battlecry!
The goblin goes into a battle-frenzy!
Your magical contamination has completely faded away.
You tentacle-slap Robin but do no damage.
You grab Robin. You squeeze Robin, but do no damage.
You constrict Robin, but do no damage. The goblin completely misses you.
Robin closely misses you.
You tentacle-slap Robin. You squeeze Robin.
Robin is heavily wounded.
You constrict Robin. The goblin hits you but does no damage.
Casting: Foxfire (safe; 7% risk of failure)
Confirm with . or Enter, or press ? or * to list all spells.
You don't have enough magic to cast this spell.
You tentacle-slap Robin. You squeeze Robin.
Robin is almost dead.
You constrict Robin, but do no damage.
Robin roars a battlecry!
The goblin goes into a battle-frenzy!
The goblin barely misses you.
You hear a shout!
You tentacle-slap Robin.
You kill Robin!
The goblin closely misses you. The goblin hits you with a +0 club.
A goblin comes into view.
It is wielding a +0 dagger of protection.
You tentacle-slap the goblin. You grab the goblin.
The goblin is heavily wounded.
You constrict the goblin.
You kill the goblin!
The hobgoblin closely misses you. The goblin hits you with a +0 dagger.
The goblin hits you with a +0 club.
A goblin comes into view. It is wielding a +0 club.
You barely miss the goblin. You grab the goblin. You constrict the goblin.
A hobgoblin comes into view.
The goblin hits you with a +0 dagger. The goblin hits you with a +0 club!
* * * LOW HITPOINT WARNING * * *
The hobgoblin shouts!
You tentacle-slap the hobgoblin but do no damage.
Your grab misses the hobgoblin. You constrict the goblin.
The hobgoblin closely misses you. The goblin hits you with a +0 dagger.
You die...

#.####.....)... .
#.####.###.....
..#######.#....####....
.....#.<........#....
....##.........#....
#.)##......(..#....
#..##...†.....#....
###ggg..).......#....
#ggg@#..........#####
#g####.g......).# #.
#.##+####### #g ..# .g
#### .. ... ...


You could see 2 hobgoblins and 5 goblins.

Vanquished Creatures
  Robin (D:2)
  A dart slug (D:1)
  3 ball pythons
  3 bats (D:1)
  2 endoplasms (D:1)
  A giant cockroach (D:1)
  3 goblins
  3 hobgoblins
  4 jackals (D:1)
  4 kobolds
  A quokka (D:1)
  2 frilled lizards (D:1)
  4 rats
32 creatures vanquished.

Vanquished Creatures (others)
  74 foxfires
74 creatures vanquished.

Grand Total: 106 creatures vanquished

Notes
Turn   | Place    | Note
-------+----------+-------------------------------------------
     0 | D:1      | kingofthe the Octopode Fire Elementalist began the quest
                  | for the Orb.
     0 | D:1      | Reached XP level 1. HP: 11/11 MP: 3/3
   262 | D:1      | Reached XP level 2. HP: 17/17 MP: 0/5
   408 | D:1      | Learned a level 2 spell: Scorch
   741 | D:1      | Reached XP level 3. HP: 21/21 MP: 4/6
  1461 | D:2      | Learned a level 3 spell: Confusing Touch
  1499 | D:2      | Noticed Robin
  1508 | D:2      | Killed Robin
  1511 | D:2      | Slain by a goblin

Illustrated notes

Levels and vault maps discovered:
D:1:      dpeg_arrival_renting, layout_basic, minmay_pentomino_u4
D:2:      minmay_skewed_foursquare, layout_basic, uniq_robin

Skill      XL: |  1  2 |
---------------+-------+-----
Stealth        | 3 |  3.3
Dodging        | |  2.7
Spellcasting   | |  2.3
Conjurations   | |  1.6
Fire Magic     | |  3.3

Action                     || total
---------------------------++-------
  Melee: Unarmed           ||    18
         Constrict         ||     8
         Tentacles         ||     6
   Cast: Foxfire           ||    45
         Scorch            ||     6
 Armour: Skin              ||     2
  Dodge: Dodged            ||    17

Table legend: (Time is in decaauts)
 A = Elapsed time spent in this place.
 B = Non-inter-level travel time spent in this place.
 C = Inter-level travel time spent in this place.
 D = Time resting spent in this place.
 E = Time spent auto-exploring this place.
 F = Levels seen in this place.
 G = Mean time per level.
                   A        B        C        D        E       F      G
               +--------+--------+--------+--------+--------+-----+--------+
         Total |   1511 |   1392 |    119 |     39 |   1153 |   2 |  755.5 |
       Dungeon |   1511 |   1392 |    119 |     39 |   1153 |   2 |  755.5 |
               +--------+--------+--------+--------+--------+-----+--------+

Top non-repeatable levels by time:
     D:1: 1360 daAuts
     D:2: 150 daAuts
